AoeStats
← VampishSaucer

Nomad

509217397Analyzed
2v2 RM · 6d ago on Sep 25, 2026· 45m 39s· 4 players
Game mode
Random Map
Map size
176×176
Population
200
Speed
Normal
Resources
Standard
Victory
Conquest
Starting age
Dark Age
Ending age
Imperial Age
RankedLock teamsTeams togetherTeam positionsShared explorationLock speedFull tech treeHidden civsTurbo modeCheats
Victory
Defeat
🇺🇸 Japanese · United States
997
+15
🇺🇸 Vietnamese · United States
996
+14
🇺🇸 Danes · United States
982
-15
🇨🇦 Franks · Canada
959
-14
shabolobodingdong
11:34 Loom
13:54 Feudal Age
14:22 Fishing Lines
14:54 Double-Bit Axe
20:24 Castle Age
21:41 Gambesons
24:16 Arson
25:55 Gambesons
26:10 Squires
SHARP99
3:22 Loom
13:55 Feudal Age
14:46 Double-Bit Axe
22:54 Castle Age
24:06 Bow Saw
26:59 Stone Mining
26:59 Gold Mining
36:55 Imperial Age
38:21 Conscription
VampishSaucer
5:00 Loom
13:56 Feudal Age
14:11 Man-at-Arms
14:40 Arson
15:39 Double-Bit Axe
17:57 Fishing Lines
19:30 Horse Collar
21:53 Castle Age
20:42 Stone Mining
21:55 Scale Mail Armor
22:07 Forging
23:12 Wheelbarrow
25:05 Medium Warships
25:10 Bow Saw
32:06 Chain Mail Armor
37:47 Ballistics
42:07 Imperial Age
40:13 Heavy Plow
43:33 Capped Ram
44:06 Elite Samurai
45:09 Kataparuto
46:40 Plate Mail Armor
46:46 Iron Casting
BananaWednesday
7:23 Loom
14:03 Feudal Age
14:37 Double-Bit Axe
14:43 Horse Collar
15:39 Fishing Lines
16:06 Gold Mining
18:18 Stone Mining
18:33 Fletching
20:46 Castle Age
19:36 Padded Archer Armor
21:15 Crossbowman
22:05 Heavy Plow
22:21 Bow Saw
22:13 Bodkin Arrow
24:19 Thumb Ring
26:43 Scale Mail Armor
28:17 Stone Shaft Mining
28:28 Forging
29:33 Guard Tower
30:08 Squires
29:56 Treadmill Crane
31:03 Gillnets
32:10 Murder Holes
32:26 Masonry
36:43 Leather Archer Armor
37:29 Wheelbarrow
37:27 Town Watch
42:13 Imperial Age
40:21 Chatras
40:53 Ballistics
41:13 Chain Mail Armor
41:04 Scale Barding Armor
41:36 Iron Casting
41:55 Bloodlines
41:45 Husbandry
46:01 Hoardings
Connection lost

Rejoining the realm…

Still unreachable

The connection could not be restored.

Session expired

The server has moved on; the page needs a fresh start.